[Event "Late-Titled-Tuesday-Blitz-February-20-2024"]
[Site "Chess.com"]
[Date "2024.02.20"]
[Round "6"]
[White "vovachesss"]
[Black "JackRodgers"]
[Result "1-0"]
[WhiteElo "2789"]
[BlackElo "2552"]
[TimeControl "180+1"]
[EndTime "15:06:01 PST"]
[Termination "vovachesss won by resignation"]

1. d4 Nf6 2. c4 c5 3. d5 e5 4. e4 d6 5. Be2 Be7 6. Nf3 Nbd7 7. Nc3 Nf8 8. h3 Ng6 9. Be3 O-O 10. Qd2 a6 11. O-O h6 12. Ne1 Bd7 13. a4 b6 14.
Nd3 Nh7 15. b4 Bg5 16. Rfb1 Bxe3 17. Qxe3 f5 18. exf5 Bxf5 19. a5 cxb4 20. Nxb4 Bxb1 21. Rxb1 bxa5 22. Nc6 Qg5 23. Ne4 Qxe3 24. fxe3 Nf6 25. Nxd6 a4 26. Ra1 Ne8 27. Nxe8 Rfxe8 28. Rxa4 Ne7 29.
Nxe7+ Rxe7 30. c5 Kf8 31. d6 Rb7 32. c6 Rb1+ 33. Kh2 Rc1 34. c7 a5 35. Rxa5 Re8 1-0

[Event "Late-Titled-Tuesday-Blitz-February-20-2024"]
[Site "Chess.com"]
[Date "2024.02.20"]
[Round "6"]
[White "ahkashefi2800"]
[Black "NCchamp"]
[Result "1-0"]
[WhiteElo "2549"]
[BlackElo "2334"]
[TimeControl "180+1"]
[EndTime "15:06:05 PST"]
[Termination "ahkashefi2800 won on time"]

1. d4 d5 2. c4 dxc4 3. e3 e5 4.
Bxc4 exd4 5. exd4 Bd6 6. Nf3 Nf6 7. O-O O-O 8. h3 h6 9. Nc3 Nc6 10. Re1 Bf5 11. d5 Nb4 12. Nd4 Bg6 13. a3 c5 14.
Ndb5 Nc2 15. Nxd6 Qxd6 16. Nb5 Qd7 17. Bf4 Nxa1 18. Qxa1 a6 19. Nc3 b5 20. Ba2 c4 21. Rd1 Ne4 22. Nxe4 Bxe4 23. d6 Qc6 24. f3 Qc5+ 25. Kh1 Bc2 26. Rd2 Bd3 27. Qc1 Rad8 28.
Rxd3 Qf5 29. Rd4 Rfe8 30. Bb1 Qf6 31. Rd1 Re2 32. Be4 Rxb2 33. d7 Rb3 34. Bc7 Rxd7 35. Rxd7 g6 36. Qxh6 Rb1+ 37. Kh2 1-0

[Event "Late-Titled-Tuesday-Blitz-February-20-2024"]
[Site "Chess.com"]
[Date "2024.02.20"]
[Round "6"]
[White "DonJuanEGenaro"]
[Black "MrKGG1"]
[Result "0-1"]
[WhiteElo "2129"]
[BlackElo "2594"]
[TimeControl "180+1"]
[EndTime "15:06:06 PST"]
[Termination "MrKGG1 won on time"]

1. d4 Nf6 2. Nf3 e6 3. e3 b6 4. Bd3 Bb7 5. Nbd2 g6 6. e4 Bg7 7. e5 Nd5 8. O-O O-O 9. c3 d6 10. Ne4 Nc6 11. Bg5 f6 12. exf6 Nxf6 13. Qe2 Qd7 14.
Rfe1 Rae8 15. Bb5 Nxe4 16. Qxe4 a6 17. Ba4 b5 18. Bd1 Na5 19. Qh4 Rf5 20. Bc2 Rf7 21.
Re3 Ref8 22. Be4 Nc4 23. Bxb7 Nxe3 24. Bxe3 c6 25. Bxa6 Ra8 26. Ng5 Bf6 27. Bxb5 cxb5 28. Qe4 d5 29. Qxe6 Bxg5 30. Qxd7 Rxd7 31. Bxg5 Rda7 32.
a3 Re8 33. Be3 Kf7 34. Kf1 Ke6 35. Ke2 Kd7 36. Kd3 Kc6 37. g4 Rf7 38. f4 Re4 39.
Rf1 g5 40. fxg5 Rxf1 41. h4 Rf3 0-1

[Event "Late-Titled-Tuesday-Blitz-February-20-2024"]
[Site "Chess.com"]
[Date "2024.02.20"]
[Round "6"]
[White "jactorres"]
[Black "SocoLoco"]
[Result "0-1"]
[WhiteElo "2407"]
[BlackElo "2214"]
[TimeControl "180+1"]
[EndTime "15:06:06 PST"]
[Termination "SocoLoco won on time"]

1. e4 c5 2. Nf3 e6 3. d4 cxd4 4.
Nxd4 Nf6 5. Bd3 Nc6 6. Nb3 d5 7. exd5 exd5 8. O-O Be7 9. Nc3 O-O 10. Bf4 Be6 11. Re1 Re8 12. h3 a6 13. Qf3 b5 14.
Rad1 Rc8 15. Ne2 Nb4 16. Ned4 Qd7 17. c3 Nxd3 18. Rxd3 h6 19. Be5 b4 20. Qg3 bxc3 21.
bxc3 Bf5 22. Nxf5 Qxf5 23. Bxf6 Bxf6 24. Rde3 Rxe3 25. Qxe3 Rxc3 26. Qe8+ Kh7 27. Qe2 Rc2 28. Qe3 Bg5 29. Qg3 Bf4 30. Qf3 Qf6 31. g3 Bg5 32. Qxf6 Bxf6 0-1

[Event "Late-Titled-Tuesday-Blitz-February-20-2024"]
[Site "Chess.com"]
[Date "2024.02.20"]
[Round "6"]
[White "David_George21"]
[Black "Casper"]
[Result "1-0"]
[WhiteElo "2403"]
[BlackElo "2552"]
[TimeControl "180+1"]
[EndTime "15:06:08 PST"]
[Termination "David_George21 won by resignation"]

1. e4 g6 2. d4 Bg7 3. Nc3 d6 4.
f4 a6 5. a4 Nc6 6. Nf3 Bg4 7.
Be3 Bxf3 8. gxf3 e5 9. fxe5 dxe5 10. d5 Nd4 11. Be2 Qh4+ 12. Bf2 Qh3 13. Bg3 Qg2 14. Rf1 h5 15. Rf2 Qg1+ 16. Rf1 Qg2 17. Rf2 Qg1+ 18. Rf1 Qe3 19. Qd2 Qxd2+ 20. Kxd2 h4 21. Bf2 Bh6+ 22. Kd1 O-O-O 23. Bxh4 f6 24. Bf2 Bf4 25. h4 Ne7 26. a5 c6 27. Ra4 cxd5 28. Bxd4 exd4 29. Nxd5 Nxd5 30. exd5 Rxd5 31. Bd3 f5 32. Rg1 Rd6 33. Rxg6 Rxh4 34. Bxf5+ Kd8 35. Rxd6+ Bxd6 36. Be4 Kc7 37. Rxd4 Bf4 38. Rc4+ Kb8 39. Rb4 Rh1+ 40. Ke2 Rh2+ 41. Kd3 Rd2+ 42. Kc4 Rd7 43. Kb3 Bd6 44. Rd4 Kc7 45.
Ka4 Re7 46. b4 Rg7 47. Rc4+ Kb8 48. Rc3 Rg1 49. Rd3 Kc7 50. Rc3+ Kb8 51. Rb3 Ra1+ 52. Ra3 Rb1 53. c3 Be5 54. Bxb1 1-0

[Event "Late-Titled-Tuesday-Blitz-February-20-2024"]
[Site "Chess.com"]
[Date "2024.02.20"]
[Round "6"]
[White "Pelusiansky"]
[Black "StrackedAktonamee"]
[Result "1-0"]
[WhiteElo "2563"]
[BlackElo "2363"]
[TimeControl "180+1"]
[EndTime "15:06:12 PST"]
[Termination "Pelusiansky won by checkmate"]

1. d4 Nf6 2. c4 e6 3. Nf3 Bb4+ 4. Nbd2 d5 5. e3 O-O 6. a3 Be7 7. Qc2 b6 8. cxd5 exd5 9. b4 Bb7 10. Bb2 Nbd7 11.
Be2 c5 12. bxc5 bxc5 13. O-O Rc8 14. dxc5 Rxc5 15. Qb1 Qa8 16. Nd4 Rfc8 17. a4 Bf8 18. Ba3 Rc3 19. Bxf8 Nxf8 20. a5 a6 21. Qb6 N8d7 22.
Qb4 Ne5 23. Rab1 R8c7 24. h3 Ne4 25. Nxe4 dxe4 26. Qd6 Nd3 27. Nf5 g6 28. Nh6+ Kg7 29. Ng4 R7c6 30. Qd4+ f6 31. Qd7+ Kh8 32. Rxb7 Qg8 33.
Nh6 Ne5 34. Qe7 Nf3+ 35. Bxf3 Re6 36. Nxg8 Rxe7 37. Nxe7 exf3 38. gxf3 Ra3 39. Nxg6+ hxg6 40. Rd1 Ra1 41. Rxa1 g5 42. Rc1 f5 43. Rc8# 1-0

[Event "Late-Titled-Tuesday-Blitz-February-20-2024"]
[Site "Chess.com"]
[Date "2024.02.20"]
[Round "6"]
[White "adwilhans"]
[Black "koncheto"]
[Result "1-0"]
[WhiteElo "2346"]
[BlackElo "2401"]
[TimeControl "180+1"]
[EndTime "15:06:12 PST"]
[Termination "adwilhans won by resignation"]

1. e4 c5 2. Nf3 d6 3. d4 cxd4 4. Nxd4 Nf6 5. Nc3 Nc6 6. Bg5 e6 7. Qd2 a6 8. O-O-O Bd7 9. f3 Be7 10. h4 h6 11. Be3 h5 12. Nde2 b5 13. Nf4 Rc8 14. Kb1 Ne5 15. a3 Nc4 16. Bxc4 Rxc4 17.
Rhe1 Qa5 18. Nce2 Qxd2 19. Bxd2 O-O 20. Bb4 Rc6 21. e5 Nd5 22. Nxd5 exd5 23. Rxd5 Be6 24.
Rd2 Bxh4 25. Red1 dxe5 26. Bxf8 Kxf8 27. Rd6 Rxd6 28. Rxd6 a5 29. Nc3 b4 30. axb4 axb4 31. Nd5 g5 32. Nxb4 g4 33. fxg4 hxg4 34. Rxe6 fxe6 35.
c4 Ke7 36. Kc2 Bf6 37. Nd3 Kd6 38. Nf2 Be7 39. Nxg4 Kc5 40. Kc3 e4 41. b4+ Kc6 42. c5 e5 43. Kc4 e3 44. Nxe3 Bf8 45. b5+ Kc7 46. Kd5 e4 47. Nc4 Be7 48. c6 e3 49. Nxe3 Bg5 50. Nc4 Be3 51. Nxe3 1-0

[Event "Late-Titled-Tuesday-Blitz-February-20-2024"]
[Site "Chess.com"]
[Date "2024.02.20"]
[Round "6"]
[White "TenisMaster"]
[Black "Firouzja2003"]
[Result "1-0"]
[WhiteElo "2981"]
[BlackElo "3100"]
[TimeControl "180+1"]
[EndTime "15:06:15 PST"]
[Termination "TenisMaster won on time"]

1. e4 e5 2. Nf3 Nc6 3. Bb5 a6 4. Ba4 Bc5 5. O-O Nge7 6. d3 d6 7. Be3 b5 8. Bb3 O-O 9. a3 Ng6 10. Nbd2 Rb8 11. c3 h6 12. d4 Bb6 13. Re1 Qf6 14.
dxe5 dxe5 15. Bxb6 cxb6 16. g3 Bh3 17. Kh1 Rbd8 18.
Qe2 Rd6 19. Ng1 Bc8 20. Nf1 Na5 21. Ba2 Rfd8 22. Kg2 Qg5 23. Kh1 Qf6 24. Kg2 Nc4 25. Bxc4 bxc4 26. Rad1 Qg5 27. Kh1 Rd3 28. Ne3 Bb7 29.
f3 b5 30. Nh3 Qh5 31. Nf2 Rxd1 32. Rxd1 Qg5 33. Rxd8+ Qxd8 34. Qd1 Qb6 35. Qd2 Nf8 36. Nfg4 f6 37. Nf5 h5 38. Ngh6+ gxh6 39. Qxh6 Qc7 40. Qxf6 Qd7 41. Ne7+ Kh7 42. Qf7+ Kh6 43. Qxf8+ 1-0

[Event "Late-Titled-Tuesday-Blitz-February-20-2024"]
[Site "Chess.com"]
[Date "2024.02.20"]
[Round "6"]
[White "Resignify"]
[Black "Viktor_Poddubnyi"]
[Result "1-0"]
[WhiteElo "2236"]
[BlackElo "2259"]
[TimeControl "180+1"]
[EndTime "15:06:15 PST"]
[Termination "Resignify won on time"]

1. e4 g6 2. d4 Bg7 3. Nc3 d6 4. Nf3 Nf6 5. g3 Nbd7 6. Bg2 c5 7. O-O cxd4 8. Nxd4 O-O 9. Re1 a6 10. a4 Qc7 11. a5 Ne5 12. Bg5 Be6 13. Nxe6 fxe6 14.
Bh3 Kf7 15. f4 Nc4 16. e5 Qc5+ 17. Kh1 dxe5 18. fxe5 Nxe5 19. Qe2 Nfd7 20. Rf1+ Kg8 21. Bxe6+ Kh8 22. Rxf8+ Nxf8 23. Bh3 Bf6 24. Bf4 Nc4 25.
Ne4 Qc6 26. Bg2 Qb5 27. b3 Bxa1 28. bxc4 Qb1+ 29. Bf1 Bg7 30. Kg2 1-0

[Event "Late-Titled-Tuesday-Blitz-February-20-2024"]
[Site "Chess.com"]
[Date "2024.02.20"]
[Round "6"]
[White "Chessdude1987"]
[Black "JonSnowNW1"]
[Result "0-1"]
[WhiteElo "2357"]
[BlackElo "2505"]
[TimeControl "180+1"]
[EndTime "15:06:16 PST"]
[Termination "JonSnowNW1 won by checkmate"]

1. e4 c5 2. Nf3 d6 3. Bc4 Nf6 4.
d3 Nc6 5. c3 e6 6. Bb3 Be7 7. O-O O-O 8. Re1 d5 9. e5 Nd7 10. d4 cxd4 11. cxd4 b6 12. Nc3 Ba6 13. a3 Rc8 14. Bc2 Re8 15. g3 Nf8 16. h4 Ng6 17.
h5 Nf8 18. Bf4 Na5 19. Nd2 Bg5 20. Qg4 Bxf4 21. gxf4 Nc4 22. Nxc4 Rxc4 23. Rad1 Rc7 24. Re3 f6 25. Rg3 f5 26. Qf3 Qh4 27. Kg2 h6 28.
Rh1 Qd8 29. Bb1 Nd7 30. Kh3 Qe7 31. Rhg1 Nf8 32. Nxd5 exd5 33. Qxd5+ Qe6 34. Qg2 Qf7 35. Rxg7+ Qxg7 36. Qh2 Kh8 37. Rxg7 Rxg7 38. Bxf5 Ne6 39. Bxe6 Rxe6 40. f5 Re8 41. e6 Reg8 42. Qe5 Kh7 43. f6 Bf1+ 44. Kh2 Rg2+ 45. Kh1 Rg1+ 46. Kh2 R8g2+ 47.
Kh3 Rg3+ 48. Kh4 Rh3# 0-1

[Event "Late-Titled-Tuesday-Blitz-February-20-2024"]
[Site "Chess.com"]
[Date "2024.02.20"]
[Round "6"]
[White "Happy1712Drummer"]
[Black "giomar27"]
[Result "1-0"]
[WhiteElo "2359"]
[BlackElo "2456"]
[TimeControl "180+1"]
[EndTime "15:06:18 PST"]
[Termination "Happy1712Drummer won by resignation"]

1. d4 g6 2. Nf3 Bg7 3. c3 f6 4. h4 Nh6 5. h5 g5 6. e4 O-O 7. Bc4+ Kh8 8. e5 d6 9. exf6 exf6 10. Be3 Bg4 11. Nbd2 Re8 12. Qb3 Nc6 13. Qxb7 Na5 14.
Qa6 Nxc4 15. Qxc4 Nf5 16. O-O-O Nxe3 17. fxe3 Rxe3 18. d5 Bf5 19. Nd4 Bd3 20. Qc6 Rb8 21. h6 Bf8 22. Ne6 Qe8 23. Qxe8 Rxe8 24. Nxc7 Rc8 25.
Ne6 Re5 26. Nf3 Rxd5 27. Nfd4 Bg6 28. Nxf8 Rxf8 29. Ne6 Rxd1+ 30. Rxd1 Re8 31. Rxd6 Kg8 32. Kd2 Be4 33. Nc5 Bxg2 34. Rxf6 g4 35. Ne6 Bf3 36. Ng5 Re2+ 37. Kd3 Rxb2 38. Rf7 Be2+ 39. Kd4 g3 40. Rg7+ Kf8 41. Nxh7+ Ke8 42. Nf6+ Kd8 43. h7 Rd2+ 44. Ke3 1-0

[Event "Late-Titled-Tuesday-Blitz-February-20-2024"]
[Site "Chess.com"]
[Date "2024.02.20"]
[Round "6"]
[White "boguszp"]
[Black "AndresDelgado77"]
[Result "0-1"]
[WhiteElo "2002"]
[BlackElo "2274"]
[TimeControl "180+1"]
[EndTime "15:06:21 PST"]
[Termination "AndresDelgado77 won on time"]

1. d4 Nf6 2. Bf4 c5 3. e3 cxd4 4. exd4 Qb6 5. Nc3 Qxb2 6. Nb5 Nd5 7. Bd2 Nb4 8. Bxb4 Qxb4+ 9. c3 Qa5 10. Qb3 e6 11. Bd3 a6 12. Ne2 axb5 13. Bxb5 Nc6 14. O-O d5 15. Rfe1 Bd6 16. c4 O-O 17. cxd5 Nxd4 18. Nxd4 Bb4 19. Re4 f5 20. dxe6 Be7 21. Re5 Kh8 22. Rxf5 Rxf5 23. Nxf5 Bf6 24. Rc1 g6 25.
Nd6 Qd8 26. Rxc8 Rxc8 27. Nxc8 Qxc8 28. g3 Qd8 29. Bd7 Qe7 30. Qxb7 Bd4 31. Qc8+ Kg7 32. Qe8 Qf6 0-1

[Event "Late-Titled-Tuesday-Blitz-February-20-2024"]
[Site "Chess.com"]
[Date "2024.02.20"]
[Round "6"]
[White "esteban062000"]
[Black "s-dshubin"]
[Result "1/2-1/2"]
[WhiteElo "2170"]
[BlackElo "2343"]
[TimeControl "180+1"]
[EndTime "15:06:21 PST"]
[Termination "Game drawn - insufficient material"]

1. e4 e6 2. e5 d5 3. exd6 Bxd6 4. Nf3 Ne7 5. d4 O-O 6. Nc3 c5 7. dxc5 Bxc5 8. Qxd8 Rxd8 9. Bd3 Nbc6 10. a3 a5 11. O-O e5 12. Re1 f6 13. Na4 Ba7 14.
Be3 Bg4 15. Nd2 Bxe3 16. Rxe3 Nd5 17. Rg3 Bh5 18. Bc4 Bf7 19. Ne4 Nd4 20. c3 b5 21.
Bxd5 Bxd5 22. Nxf6+ Kf7 23. Nxd5 bxa4 24. cxd4 Rxd5 25.
dxe5 Rb8 26. e6+ Kxe6 27. Re1+ Kf6 28. Rf3+ Rf5 29. Rxf5+ Kxf5 30. Re2 g5 31. f3 h5 32. Kf2 Rb5 33. Rc2 Rd5 34. Ke3 Re5+ 35. Kf2 Rb5 36. Ke3 Re5+ 37. Kf2 g4 38. fxg4+ hxg4 39. h3 gxh3 40.
gxh3 Rb5 41. Kg2 Rb3 42. Rc5+ Kf4 43. Rc4+ Ke3 44. Rc3+ Rxc3 45. bxc3 Kd3 46. h4 Kxc3 47. h5 Kb3 48. h6 Kxa3 49. h7 Ka2 50. h8=Q a3 51.
Qc3 a4 52. Qc2+ Ka1 53. Qxa4 a2 54. Qd4+ Kb1 55. Qb4+ Ka1 56. Qc3+ Kb1 57. Qe1+ Kb2 58. Qe5+ Kb1 59. Qb5+ Ka1 60. Qa4 Kb1 61. Qb3+ Ka1 62.
Qc3+ Kb1 63. Qe1+ Kb2 64. Qe5+ Kb1 65. Kf2 a1=Q 66. Qxa1+ Kxa1 1/2-1/2

[Event "Late-Titled-Tuesday-Blitz-February-20-2024"]
[Site "Chess.com"]
[Date "2024.02.20"]
[Round "6"]
[White "Chesstrainer1"]
[Black "BabageldiAnnaberdiyev"]
[Result "0-1"]
[WhiteElo "2473"]
[BlackElo "2619"]
[TimeControl "180+1"]
[EndTime "15:06:22 PST"]
[Termination "BabageldiAnnaberdiyev won on time"]

1. e4 e6 2. d4 d5 3. Nd2 Nf6 4. e5 Nfd7 5. f4 c5 6. Nb3 Nc6 7. Nf3 a6 8. Be3 c4 9. Nbd2 b5 10. Be2 Nb6 11. O-O Be7 12. g4 Qc7 13. b3 c3 14. Nb1 b4 15. a3 a5 16. f5 exf5 17. Ng5 Bxg5 18. Bxg5 fxg4 19. axb4 Nxb4 20. Na3 O-O 21.
Nb5 Qc6 22. Nd6 f6 23. Bb5 Qc7 24. Ne8 Rxe8 25. Bxe8 Be6 26. exf6 Rxe8 27. fxg7 Qxg7 28. Bf6 Qg6 29. Rxa5 Nxc2 30. Qe2 Nd7 31. Be5 Bf5 32. Rxd5 Bd3 33. Qf2 Bxf1 34. Rxd7 Bd3 35. Rg7+ Qxg7 36. Bxg7 Kxg7 37. Qf4 Re1+ 38. Kg2 Ne3+ 39. Kg3 Nf5+ 0-1

[Event "Late-Titled-Tuesday-Blitz-February-20-2024"]
[Site "Chess.com"]
[Date "2024.02.20"]
[Round "6"]
[White "Fh2411"]
[Black "Onthequiet"]
[Result "1-0"]
[WhiteElo "2602"]
[BlackElo "2435"]
[TimeControl "180+1"]
[EndTime "15:06:22 PST"]
[Termination "Fh2411 won by resignation"]

1. d4 d5 2. Nf3 Nf6 3. c4 e6 4. Nc3 Bb4 5. Bg5 Nbd7 6. e3 O-O 7. Rc1 c5 8. cxd5 exd5 9. a3 Bxc3+ 10. bxc3 c4 11.
Qa4 h6 12. Bh4 g5 13. Bg3 Nb6 14. Qb4 Ne4 15. Be2 a5 16. Qb1 Bf5 17. Qa1 Na4 18.
Nd2 Nxd2 19. Kxd2 b5 20. h4 g4 21. h5 b4 22. f3 Nxc3 23. Rxc3 bxc3+ 24. Qxc3 Qb6 25.
Bf4 Kh7 26. fxg4 Be4 27. Bf3 Qb3 28. Rc1 a4 29. Bxe4+ dxe4 30. Qxc4 Rfc8 31. Bc7 Ra7 32. Qxb3 axb3 33. Bd6 Rxc1 34. Kxc1 Ra6 35. Bb4 Rf6 36. Kb2 Rf2+ 37. Kxb3 Rxg2 38. Bc5 Rxg4 39. a4 Rg3 40. d5 Rg5 41. Kc4 Rg1 42. a5 Ra1 43. Kb5 Kg7 44.
Bd4+ 1-0

[Event "Late-Titled-Tuesday-Blitz-February-20-2024"]
[Site "Chess.com"]
[Date "2024.02.20"]
[Round "6"]
[White "rezamahdavi2008"]
[Black "Jospem"]
[Result "0-1"]
[WhiteElo "2840"]
[BlackElo "3095"]
[TimeControl "180+1"]
[EndTime "15:06:26 PST"]
[Termination "Jospem won by resignation"]

1. d4 Nf6 2. Nf3 e6 3. c4 b6 4. g3 Bb7 5. Bg2 Bb4+ 6. Bd2 Bxd2+ 7. Qxd2 O-O 8. Nc3 Ne4 9. Nxe4 Bxe4 10. O-O d6 11. Qf4 Bb7 12. e4 Nd7 13. Rfe1 Qe7 14.
e5 d5 15. Nd2 Rfe8 16. Rac1 c5 17. h4 Nf8 18. h5 h6 19. Red1 Rac8 20. Nb3 dxc4 21.
Rxc4 Bd5 22. Rc3 c4 23. Nd2 b5 24. Ne4 Bxe4 25. Bxe4 Red8 26. Rf3 Rc7 27. Kg2 b4 28. d5 exd5 29. Rxd5 Ne6 30. Qd2 Rdc8 31. Re3 c3 32. bxc3 bxc3 33. Qc2 Qg5 34. Rf3 Qe7 35. Rfd3 Nf8 36.
f4 Qb4 37. R3d4 Qe7 38. Kh3 Ne6 39. Rd3 Qb4 40. Bf5 Qe7 41. Rd6 a5 42. a4 Qe8 43.
R3d5 Rc4 44. Rxa5 Nd4 45. Rxd4 Rxd4 46. Bxc8 Qxc8+ 47. f5 Rd2 48. Qe4 c2 49. Ra8 c1=Q 50. Rxc8+ Qxc8 51. a5 Qc2 0-1

[Event "Late-Titled-Tuesday-Blitz-February-20-2024"]
[Site "Chess.com"]
[Date "2024.02.20"]
[Round "6"]
[White "IlyaGrigorjev"]
[Black "RantomOpening"]
[Result "1-0"]
[WhiteElo "2903"]
[BlackElo "2583"]
[TimeControl "180+1"]
[EndTime "15:06:26 PST"]
[Termination "IlyaGrigorjev won by resignation"]

1. e4 c5 2. Nf3 e6 3. c3 Nf6 4. e5 Nd5 5. a3 d6 6. d4 dxe5 7. dxe5 Bd7 8. Bd3 Bc6 9. O-O Be7 10. Qc2 h6 11. Rd1 Qc7 12. Nbd2 Nf4 13. Bf1 Ng6 14. Re1 Nd7 15. Ne4 Ndxe5 16. Nxe5 Qxe5 17. Bd2 Qc7 18. c4 O-O 19. Bc3 Rad8 20. g3 b6 21.
Bg2 Qb7 22. Bh3 Rd7 23. b4 Qa8 24. b5 Bb7 25. a4 a5 26. Nd2 Kh7 27. Nf1 Rd4 28.
Bxd4 cxd4 29. Rad1 Bf6 30. Nd2 Kh8 31. Ne4 Be7 32.
c5 bxc5 33. Rc1 Rc8 34. Nd2 Bd5 35. Nc4 Bg5 36. f4 Bxf4 37. gxf4 Nxf4 38. Bf1 f6 39.
Nb6 Qb7 40. Nxc8 Qxc8 41. Qxc5 Qe8 42. Qc8 Qxc8 43. Rxc8+ Kh7 44. b6 d3 45. Rd1 Bb3 46.
Rxd3 Nxd3 47. Bxd3+ f5 48. b7 1-0

[Event "Late-Titled-Tuesday-Blitz-February-20-2024"]
[Site "Chess.com"]
[Date "2024.02.20"]
[Round "6"]
[White "Iuckyducky"]
[Black "tusplingher"]
[Result "1-0"]
[WhiteElo "2323"]
[BlackElo "2450"]
[TimeControl "180+1"]
[EndTime "15:06:26 PST"]
[Termination "Iuckyducky won by resignation"]

1. e4 c5 2. Nf3 d6 3. Nc3 Nf6 4. e5 dxe5 5. Nxe5 Nbd7 6. d4 Nxe5 7. dxe5 Qxd1+ 8. Kxd1 Ng4 9. Bb5+ Bd7 10. e6 fxe6 11.
Ke2 O-O-O 12. Bf4 Nf6 13. Rad1 Nd5 14. Bxd7+ Rxd7 15. Be5 Rg8 16. Ne4 b6 17. Ng5 Nb4 18.
Rxd7 Kxd7 19. Rd1+ Kc8 20. Nxe6 Nc6 21. Bg3 g6 22.
Bf4 Bg7 23. Nxg7 Rxg7 24. c3 Rf7 25. Ke3 Rf6 26. Bg5 Re6+ 27. Kd2 Ne5 28. b3 Nf7 29. Bf4 Rf6 30. Bg3 g5 31. Ke3 Re6+ 32. Kf3 h5 33.
Rd2 h4 34. Bxh4 gxh4 35. Kg4 Rg6+ 36. Kh3 Nd6 37. f3 Kd7 38. Kxh4 Ke6 39. g4 Rh6+ 40.
Kg3 Rh8 41. h4 Kf6 42. Rd5 Rc8 43. g5+ Kg7 44. Kg4 Rc7 45. h5 Nf7 46. g6 Nh6+ 47. Kg5 Ng8 48. f4 Nf6 49. h6+ Kf8 50. Rd8+ Ne8 51.
h7 1-0

[Event "Late-Titled-Tuesday-Blitz-February-20-2024"]
[Site "Chess.com"]
[Date "2024.02.20"]
[Round "6"]
[White "Sajkochess"]
[Black "subham777"]
[Result "0-1"]
[WhiteElo "2377"]
[BlackElo "2611"]
[TimeControl "180+1"]
[EndTime "15:06:27 PST"]
[Termination "subham777 won by resignation"]

1. e4 e6 2. d4 d5 3. Bd3 dxe4 4. Bxe4 Nf6 5. Bf3 Be7 6. Ne2 O-O 7. O-O c5 8. Be3 c4 9. Nbc3 Nd5 10. Nxd5 exd5 11. Nf4 Be6 12. Bg4 Qd6 13. Nh5 Nd7 14. Bf4 Qb6 15. Bxe6 fxe6 16. Qg4 Rf7 17. c3 Nf8 18.
Be5 Ng6 19. Bxg7 Rxg7 20. Nxg7 Kxg7 21. Rae1 Qxb2 22. Rxe6 Kh8 23. Qh5 Rg8 24. g3 Qxc3 25.
Rfe1 Rg7 26. Rxg6 Qxe1+ 27. Kg2 Qe4+ 28. f3 Qxg6 29. Qxd5 c3 30. Qc4 c2 31. Qc8+ Rg8 32. Qc3 Bf6 33. Qc4 Qf5 34. g4 Qg6 35. h3 Bh4 36. Qc3 Rd8 37. d5+ Bf6 38. Qc4 Re8 39. h4 Bxh4 40. Kh3 Bf6 41. f4 Qe4 0-1

[Event "Late-Titled-Tuesday-Blitz-February-20-2024"]
[Site "Chess.com"]
[Date "2024.02.20"]
[Round "6"]
[White "Eloist"]
[Black "jamengrand"]
[Result "1-0"]
[WhiteElo "2470"]
[BlackElo "2338"]
[TimeControl "180+1"]
[EndTime "15:06:28 PST"]
[Termination "Eloist won by resignation"]

1. e4 e5 2. Bc4 Nc6 3. Nf3 Nf6 4.
d3 d5 5. exd5 Nxd5 6. O-O Bc5 7.
Re1 O-O 8. Nbd2 f6 9. d4 Bb6 10. dxe5 fxe5 11. Ne4 Ne7 12. Nxe5 Kh8 13. Qh5 Be6 14.
Ng5 Bxf2+ 15. Kh1 Bg8 16. Rf1 Qe8 17. Qxe8 Raxe8 18. Bd2 h6 19. Ne4 Bd4 20. Nf3 Bxb2 21. Rab1 Ba3 22. Rxb7 Rb8 23. Rxa7 Ra8 24. Rxa8 Rxa8 25.
Bb3 Bd6 26. c4 Nf6 27. c5 Nxe4 28. cxd6 Nxd6 29. Re1 Bxb3 30. axb3 Ra2 31. Bc3 Rc2 32.
Rxe7 Rxc3 33. b4 Kg8 34. h3 Kf8 35. Re5 Kf7 36. Rc5 Rb3 37. Rxc7+ Kf6 38. Rc6 Ke6 39.
Nd4+ Kd5 40. Rxd6+ Kxd6 41. Nxb3 Kd5 42. Nc5 Kc4 43. Ne6 Kxb4 44. Nxg7 1-0

[Event "Late-Titled-Tuesday-Blitz-February-20-2024"]
[Site "Chess.com"]
[Date "2024.02.20"]
[Round "6"]
[White "aistrel"]
[Black "GothamChess"]
[Result "1-0"]
[WhiteElo "2548"]
[BlackElo "2684"]
[TimeControl "180+1"]
[EndTime "15:06:30 PST"]
[Termination "aistrel won by resignation"]

1. d4 f5 2. Nc3 Nf6 3. Bf4 e6 4. f3 Bb4 5. e3 Nd5 6. Ne2 g5 7.
Be5 Rg8 8. e4 Ne3 9. Qd3 f4 10.
d5 d6 11. Bd4 Bxc3+ 12. Nxc3 Nxf1 13. Rxf1 e5 14. Bf2 a6 15. g4 fxg3 16. hxg3 h5 17. O-O-O Qf6 18. Kb1 b5 19. f4 Nd7 20. Be3 g4 21. fxe5 Qxe5 22. Bd4 Qg5 23. e5 dxe5 24. Rde1 Bb7 25. Rf5 Qg6 26. Rfxe5+ Nxe5 27. Rxe5+ Kd7 28. Ne4 Rae8 29. Nc5+ Kd8 30. Nxb7+ Kd7 31. Nc5+ Kd8 32. Ne6+ Kc8 33. Qc3 Qf7 34. b3 h4 35. Rf5 Qd7 36. Be5 h3 37. Bxc7 h2 38. Bd6+ Kb7 39.
Nc5+ Ka8 40. Nxd7 h1=Q+ 41. Kb2 Rc8 42. Nb6+ Kb7 43. Nxc8 Rxc8 44. Rf7+ 1-0

[Event "Late-Titled-Tuesday-Blitz-February-20-2024"]
[Site "Chess.com"]
[Date "2024.02.20"]
[Round "6"]
[White "Balla_Tamas"]
[Black "Mikhail_Golubev"]
[Result "0-1"]
[WhiteElo "2388"]
[BlackElo "2616"]
[TimeControl "180+1"]
[EndTime "15:06:30 PST"]
[Termination "Mikhail_Golubev won by checkmate"]

1. e4 c5 2. c3 d6 3. d4 Nf6 4. Bd3 Qc7 5. h3 g6 6. Nf3 Bg7 7. O-O O-O 8. Be3 Nc6 9. Qd2 d5 10. exd5 Nxd5 11. dxc5 Rd8 12. Bd4 e5 13. Be3 e4 14.
Bxe4 Nxc3 15. Qc2 Nxe4 16. Qxe4 Bxb2 17. Nbd2 Bf5 18. Qh4 Bxa1 19. Rxa1 Rd3 20. Ng5 f6 21. Nge4 Qe5 22. Nxf6+ Kf7 23. Nxh7 Qxa1+ 24. Kh2 Rxe3 25. Ng5+ Ke8 26. fxe3 Qe5+ 27. g3 Rd8 28. Ndf3 Qb2+ 29. Kh1 Rd1+ 30. Ng1 Qa1 31. Nf3 Kf7 32. Qh7+ Qg7 33.
Ng5+ Kf6 34. Qh4 Qe7 35. Qf4 Qe5 36. Qh4 Ke7 37. Nf3+ Qf6 38. Qf4 Kd8 39. g4 Qe6 40. gxf5 Qxf5 41. Qh6 Qxf3+ 42. Kh2 Qf2+ 43. Kh1 Qxg1# 0-1

[Event "Late-Titled-Tuesday-Blitz-February-20-2024"]
[Site "Chess.com"]
[Date "2024.02.20"]
[Round "6"]
[White "Mr_Heisenberg13"]
[Black "LyonBeast"]
[Result "1/2-1/2"]
[WhiteElo "2858"]
[BlackElo "3146"]
[TimeControl "180+1"]
[EndTime "15:06:31 PST"]
[Termination "Game drawn - insufficient material"]

1. d4 Nf6 2. c4 g6 3. Nf3 Bg7 4. g3 O-O 5. Bg2 c5 6. O-O cxd4 7. Nxd4 Nc6 8. Nc3 Qa5 9. Nb3 Qh5 10. e4 Qxd1 11.
Rxd1 d6 12. c5 dxc5 13. Nxc5 Bg4 14. f3 Bc8 15. Be3 b6 16. Nb3 Ba6 17. Rac1 Ne5 18. Bd4 Nd3 19. Rc2 Rfd8 20. Rcd2 Nb4 21. Bf1 Bxf1 22.
Kxf1 Nc6 23. Be3 Ne8 24. Rxd8 Rxd8 25. Rxd8 Nxd8 26. Bd4 Bh6 27. Ke2 Nc6 28. Kd3 e6 29. f4 Kf8 30. Be3 e5 31. Nd5 Nd6 32. Nd2 f5 33. exf5 gxf5 34. fxe5 Nxe5+ 35. Ke2 Bxe3 36. Nxe3 Ke7 37. Nf3 Nc6 38. a3 h6 39. Kd3 Kf6 40.
Nc4 Ne4 41. Ncd2 Nc5+ 42. Kc4 Ne6 43. Nb3 Nc7 44. Nbd4 Na5+ 45. Kd3 Nb7 46. b4 Nd6 47. Nd2 Ke5 48. Nc6+ Kd5 49. Nxa7 b5 50. Nb1 Ke5 51. Nc3 f4 52. Nc6+ Kf5 53. Nd4+ Kg4 54. gxf4 Kxf4 55. a4 bxa4 56. Nxa4 Kg4 57. Nc3 Kh3 58. b5 Ndxb5 59. Ncxb5 Nxb5 60. Nxb5 Kxh2 61. Nd4 h5 62. Nf5 h4 63.
Nxh4 1/2-1/2